 Dungeon Crawl Stone Soup version 0.32-a0-975-g85d4e5bfdb (webtiles) character file.

Game seed: 15161061956009857883

4 Maxmaps the Caller (level 1, -1/13 HPs)
             Began as a Demonspawn Summoner on Apr 19, 2024.
             Slain by a hobgoblin (4 damage)
             ... on level 1 of the Dungeon.
             The game lasted 00:00:20 (142 turns).

Maxmaps the Caller (Demonspawn Summoner)             Turns: 142, Time: 00:00:21

Health: -1/13      AC:  2    Str:  8    XL:     1   Next: 50%
Magic:  0/3        EV: 11    Int: 15    God:
Gold:   0          SH:  0    Dex: 13    Spells: 3/4 levels left

rFire   . . .        (no weapon)
rCold   . . .        (no shield)
rNeg    . . .        a - +0 robe
rPois   .            (no helmet)
rElec   .            (no cloak)
rCorr   .            (no gloves)
SInv    .            (no boots)
Will    .....        (no amulet)
Stlth   ++           (no ring)
HPRegen 0.22/turn    (no ring)
MPRegen 0.08/turn

%: no passive effects
@: no status effects
A: no striking features
a: no special abilities


You were on level 1 of the Dungeon.
You visited 1 branch of the dungeon, and saw 1 of its levels.

Inventory:

Armour
 a - a +0 robe (worn)
Scrolls
 c - a scroll of teleportation {unknown}
Potions
 b - a potion of magic


   Skills:
 - Level 1.7 Dodging
 - Level 1.7 Stealth
 - Level 2.0 Spellcasting
 + Level 4.2 Summonings


You had 3 spell levels left.
You knew the following spells:

 Your Spells              Type           Power      Damage    Failure   Level
a - Summon Small Mammal   Summ           56%        N/A       4%          1

Your spell library contained the following spells:

 Spells                   Type           Power      Damage    Failure   Level
 Call Imp                 Summ           28%        N/A       6%          2
 Call Canine Familiar     Summ           14%        N/A       12%         3
 Summon Blazeheart Golem  Fire/Summ      7%         N/A       67%         4
 Summon Lightning Spire   Summ/Air       7%         N/A       67%         4


Dungeon Overview and Level Annotations

Branches:
Dungeon (1/15)

Altars:


Message History

The hobgoblin hits your rat.
Your rat dies!
Your rat's corpse disappears in a puff of smoke!
Unknown command.
Casting: Summon Small Mammal (safe; 4% risk of failure)
Confirm with . or Enter, or press ? or * to list all spells.
The hobgoblin misses you.
Unknown command.
Casting: Summon Small Mammal (safe; 4% risk of failure)
Confirm with . or Enter, or press ? or * to list all spells.
Your bat closely misses the hobgoblin.
The hobgoblin hits you.
Unknown command.
You hit the hobgoblin but do no damage.
The hobgoblin is heavily wounded.
Your bat completely misses the hobgoblin.
Your bat hits the hobgoblin but does no damage.
Your bat closely misses the hobgoblin.
The hobgoblin hits you. The hobgoblin barely misses you.
You are too injured to fight recklessly!
Unknown command.
You are too injured to fight recklessly!
You closely miss the hobgoblin.
The hobgoblin is heavily wounded.
Your bat barely misses the hobgoblin. x2
Your bat closely misses the hobgoblin.
The hobgoblin hits you. The hobgoblin barely misses you.
You hit the hobgoblin but do no damage.
The hobgoblin is heavily wounded.
Your bat hits the hobgoblin but does no damage.
Your bat completely misses the hobgoblin.
The hobgoblin hits you.
* * * LOW HITPOINT WARNING * * *
Your bat closely misses the hobgoblin. x2
The hobgoblin barely misses your bat.
You hit the hobgoblin but do no damage.
The hobgoblin is heavily wounded.
Your bat barely misses the hobgoblin. x3
Your bat hits the hobgoblin but does no damage.
Your bat hits the hobgoblin. The hobgoblin hits you.
You die...

############
#..........#
#.########.# #.# #.#
#.# #b#
#.########.####
#.##.....g@g..#
#######.##.#####b##.#
.)......# #.# ..
.######## #.# ## .#
#.# .# ..? ># #.# ##
..#


You could see 2 hobgoblins and 2 friendly bats.

Vanquished Creatures
  A kobold (D:1)
1 creature vanquished.

Vanquished Creatures (collateral kills)
  A dart slug (D:1)
1 creature vanquished.

Grand Total: 2 creatures vanquished

Notes
Turn   | Place    | Note
-------+----------+-------------------------------------------
     0 | D:1      | Maxmaps the Demonspawn Summoner began the quest for the
                  | Orb.
     0 | D:1      | Reached XP level 1. HP: 13/13 MP: 3/3
   142 | D:1      | Slain by a hobgoblin

Illustrated notes

Levels and vault maps discovered:
D:1:      beargit_arrival_greenhouse, layout_loops_ring

Action                     || total
---------------------------++-------
  Melee: Unarmed           ||    21
   Cast: Summon Small Mamm ||     6
   Stab: Distracted        ||     1
 Armour: Robe              ||    12
  Dodge: Dodged            ||    13

Table legend: (Time is in decaauts)
 A = Elapsed time spent in this place.
 B = Non-inter-level travel time spent in this place.
 C = Inter-level travel time spent in this place.
 D = Time resting spent in this place.
 E = Time spent auto-exploring this place.
 F = Levels seen in this place.
 G = Mean time per level.
                   A        B        C        D        E       F      G
               +--------+--------+--------+--------+--------+-----+--------+
         Total |    142 |    142 |      0 |     11 |     80 |   1 |  142.0 |
       Dungeon |    142 |    142 |      0 |     11 |     80 |   1 |  142.0 |
               +--------+--------+--------+--------+--------+-----+--------+

Top non-repeatable levels by time:
     D:1: 142 daAuts
